Map: Turbo Cruise '84 LE

Players

hellorush - Winner!

  • Race: Zerg Zerg
  • League: Gold
  • Spawn Location: 3:00

A.I. 1 (Very Easy)

  • Race: Zerg Zerg
  • Spawn Location: 7:00

VOD

Have the link to the VOD?

Description

Time

  • Played on: May 16, 2019, 3:32 a.m.
  • Length: 7:30
Show
View Real Time Build Order
Export as new Build Order

hellorush Zerg - Winner!

Build Orders: Hatch First 

Get SALT Encoding   

  12  0:02  Drone  
  13  0:14  Overlord  
  13  0:24  Drone  
  14  0:32  Drone x2  
  16  0:36  Drone  
  17  0:55  Hatchery  
  17  0:56  Drone  
  17  1:04  Extractor, Drone  
  17  1:17  Spawning Pool  
  16  1:19  Drone  
  17  1:27  Drone  
  18  1:33  Drone  
  19  1:41  Overlord  
  19  1:50  Drone  
  20  2:04  Queen  
  20  2:07  Queen  
  24  2:16  Zergling x4  
  24  2:17  Metabolic Boost  
  24  2:22  Drone x2  
  28  2:29  Drone x2  
  30  2:35  Roach Warren  
  29  2:39  Drone  
  30  2:48  Drone x2  
  32  3:06  Evolution Chamber  
  32  3:07  Evolution Chamber  
  32  3:09  Drone x2  
  32  3:10  Overlord  
  32  3:11  Overlord  
  32  3:17  Lair  
  32  3:31  Drone  
  32  3:32  Drone x6  
  39  3:38  Drone  
  39  3:41  Zerg Missile Weapons Level 1  
  40  3:59  Extractor  
  40  4:02  Extractor  
  38  4:05  Drone x3  
  38  4:07  Drone x2  
  38  4:08  Drone  
  44  4:11  Drone x2  
  44  4:14  Zerg Ground Armor Level 1  
  46  4:19  Queen  
  48  4:27  Drone  
  49  4:32  Glial Reconstitution  
  49  4:43  Roach  
  51  4:52  Overlord  
  51  4:53  Overlord x4  
  51  5:03  Pneumatized Carapace  
  51  5:13  Roach x8  
  67  5:31  Roach x4  
  75  5:48  Roach  
  77  5:57  Roach x3  
  83  6:07  Roach x3  
  89  6:15  Drone x3  
  89  6:16  Extractor  
  91  6:23  Overlord  
  91  6:24  Overlord x4  
Show
View Real Time Build Order
Export as new Build Order

A.I. 1 (Very Easy) Zerg 

Build Orders: Pool Only 

Get SALT Encoding   

  12  0:00  Drone  
  13  0:12  Overlord  
  13  0:17  Drone  
  14  0:37  Spawning Pool  
  14  0:38  Extractor  
  14  0:39  Drone  
  13  0:46  Drone  
  14  0:51  Overlord  
  14  1:24  Zergling x2  
  15  1:26  Queen  
  15  1:31  Roach Warren  
  16  1:34  Drone  
  16  1:38  Extractor  
  16  1:43  Drone  
  17  1:49  Zergling x2  
  18  2:02  Drone  
  19  2:10  Drone  
  19  2:14  Zergling x2  
  21  2:18  Drone  
  22  2:28  Overlord  
  22  2:33  Drone  
  23  2:39  Roach  
  23  2:40  Drone  
  26  2:47  Drone  
  27  6:11  Zergling x2  
  27  6:36  Zergling x2  
  23  6:49  Spawning Pool, Drone  
  23  6:56  Drone  
  17  7:04  Drone  
  6  7:11  Drone  
Tags
 
Add a new tag
Caveats
  • Supply blocks, unpowered buildings, or Contaminate may cause inaccurate times.
  • Supply counts are checked every 10 seconds.